Map: Nightshade LE

Players

eLevateEliGE - Winner!

  • Race: Terran Terran
  • League: Master
  • Spawn Location: 11:00

circle

  • Race: Zerg Zerg
  • League: Master
  • Spawn Location: 5:00

VOD

Have the link to the VOD?

Description

Time

  • Played on: April 26, 2020, 11:21 p.m.
  • Length: 14:30
Show
View Real Time Build Order
Export as new Build Order

eLevateEliGE Terran - Winner!

Build Orders: Liberator Opening, Reaper Expand 

Get SALT Encoding   

  12  0:00  SCV  
  13  0:12  SCV  
  14  0:17  Supply Depot  
  14  0:24  SCV  
  15  0:38  SCV  
  15  0:39  Barracks  
  16  0:44  Refinery  
  16  0:51  SCV  
  17  1:03  SCV  
  18  1:15  SCV  
  19  1:27  Reaper, Orbital Command  
  20  1:41  Command Center  
  20  1:49  Supply Depot  
  20  1:53  SCV  
  21  1:58  Marine  
  22  2:05  SCV  
  23  2:10  Factory  
  23  2:17  SCV  
  23  2:18  Refinery  
  23  2:20  Barracks Reactor  
  24  2:29  SCV  
  25  2:42  SCV  
  26  2:54  SCV  
  26  2:56  Orbital Command  
  27  3:02  Starport  
  27  3:06  SCV  
  27  3:11  Hellion x2  
  32  3:14  Barracks Tech Lab  
  32  3:18  SCV  
  33  3:22  SCV  
  34  3:28  Supply Depot  
  34  3:30  SCV  
  34  3:32  Hellion x2  
  34  3:34  SCV, Stimpack  
  40  3:40  Liberator  
  43  3:42  SCV  
  43  3:46  SCV  
  45  3:52  Supply Depot  
  45  3:54  SCV, Hellion  
  45  3:55  Hellion  
  48  4:16  Hellion x2  
  52  4:21  SCV  
  52  4:23  SCV  
  49  4:24  Command Center  
  48  4:33  SCV, Starport Reactor  
  48  4:35  SCV  
  50  4:45  SCV  
  51  4:47  SCV, Barracks  
  51  4:49  Barracks  
  52  4:55  Marine, Factory Tech Lab  
  52  4:57  SCV, Supply Depot  
  52  4:59  SCV  
  55  5:09  SCV, Engineering Bay x2, Refinery x2  
  56  5:32  SCV x2  
  55  5:37  Terran Infantry Weapons Level 1, Orbital Command, Terran Infantry Armor Level 1  
  55  5:40  Supply Depot  
  55  5:44  SCV x2  
  55  5:49  Marine x3, Siege Tank  
  63  5:53  Starport Reactor  
  63  5:54  Combat Shield  
  63  6:06  Marine x2  
  63  6:08  Marine x3  
  65  6:19  SCV x2  
  65  6:25  Marine, Siege Tank  
  70  6:26  Armory, Marine x2  
  70  6:28  Supply Depot  
  70  6:31  SCV x2, Marine x2  
  70  6:32  Medivac x2  
  81  6:40  Orbital Command  
  81  6:43  SCV x2, Marine x2, Barracks  
  81  6:44  Supply Depot, Marine, Barracks  
  86  6:49  Marine  
  87  6:57  SCV, Supply Depot, Marine  
  89  7:01  Marine  
  89  7:02  Siege Tank  
  89  7:03  SCV  
  94  7:14  Marine  
  95  7:20  Supply Depot  
  95  7:21  SCV  
  96  7:22  Medivac  
  96  7:23  Medivac, Marine x2  
  96  7:24  Concussive Shells  
  96  7:25  SCV x2  
  104  7:32  Terran Vehicle Weapons Level 1  
  104  7:33  SCV  
  105  7:37  SCV x2  
  105  7:39  Barracks Reactor, Barracks Tech Lab  
  105  7:43  Marine x2  
  105  7:44  Marauder, Siege Tank  
  112  7:45  SCV  
  113  7:52  Marine x2  
  113  7:54  SCV x2  
  117  8:01  SCV  
  117  8:04  Command Center, Marine  
  117  8:05  Marauder x2  
  120  8:16  Siege Tank  
  123  8:20  Missile Turret x2  
  123  8:23  Terran Infantry Armor Level 2, Missile Turret  
  123  8:26  Marauder  
  125  8:28  Marauder  
  124  8:34  Marine  
  104  8:42  Marine x5  
  104  8:48  Marauder  
  109  8:50  Marauder  
  109  8:52  Marine  
  109  8:54  SCV x2, Siege Tank  
  116  9:00  Marine x5  
  120  9:08  Marine  
  113  9:10  Marine  
  113  9:11  Marauder  
  106  9:17  Marine  
  106  9:18  Marine x4  
  107  9:26  SCV, Marine  
  107  9:27  Barracks  
  107  9:28  Marine  
  107  9:29  Barracks  
  107  9:30  Terran Vehicle Weapons Level 2, Refinery  
  110  9:31  Terran Infantry Weapons Level 2  
  110  9:32  Marine  
  110  9:35  Marine x2  
  110  9:36  Marine x3  
  112  9:40  SCV  
  112  9:42  Missile Turret  
  112  9:44  SCV x2, Refinery, Marine  
  116  9:46  Marine, Factory  
  116  9:47  Barracks  
  116  9:49  Medivac  
  116  9:50  Marine  
  116  9:52  SCV  
  121  9:53  Medivac, Marine x5, Siege Tank  
  121  9:56  SCV x2  
  121  9:59  Planetary Fortress  
  133  10:04  SCV  
  134  10:08  SCV  
  130  10:22  SCV  
  130  10:24  Missile Turret, Thor  
  130  10:28  SCV x2  
  136  10:32  Barracks Reactor, Barracks Tech Lab  
  136  10:33  Factory Reactor  
  134  10:37  SCV x2  
  134  10:40  SCV x2  
  138  10:49  SCV x2  
  136  10:50  Medivac x2  
  140  10:59  Marine x2  
  140  11:05  Terran Infantry Armor Level 3, Missile Turret x2  
  140  11:08  Supply Depot x3  
  140  11:17  Drilling Claws  
  140  11:20  Marine  
  140  11:22  Marine x3  
  140  11:23  SCV x3, Marauder x2, Marine x2  
  140  11:24  SCV, Medivac x2, Marine x2  
  140  11:25  Marauder, Widow Mine x2  
  134  11:31  Thor  
  119  11:35  SCV x3  
  119  11:36  SCV  
  119  11:38  Marine  
  120  11:40  Marine x3  
  120  11:41  Marine x2  
  120  11:42  Marine x2  
  120  11:44  Marine x2  
  120  11:46  Widow Mine x2, Marine  
  125  11:55  SCV  
  125  11:56  SCV, Barracks Reactor, Marine  
  125  11:58  Marine x3  
  125  11:59  Marine x2  
  125  12:00  Marine x2  
  135  12:01  Marine  
  135  12:02  Marine  
  135  12:04  Marine  
  135  12:07  SCV x2, Widow Mine  
  135  12:08  Widow Mine  
  138  12:13  Marine  
  138  12:14  Widow Mine  
  139  12:16  Marine x3  
  139  12:17  Marine x3  
  139  12:20  Marauder x2  
  139  12:22  Marauder  
  151  12:25  Marine  
  151  12:28  SCV  
  151  12:29  Widow Mine x2  
  157  12:31  Marine  
  157  12:32  Marine  
  157  12:34  Marine  
  157  12:36  Widow Mine  
  162  12:39  Sensor Tower  
  162  12:41  Medivac  
  164  12:58  Marine  
  164  12:59  Medivac, Marine  
  164  13:01  Widow Mine  
  164  13:03  Marauder x2, Widow Mine  
  164  13:04  Marauder  
  164  13:05  Widow Mine  
  150  13:08  Marine x8  
  145  13:15  Marine  
  145  13:17  Marine  
  142  13:24  Marauder x2  
  142  13:26  Marauder, Marine x4  
  152  13:31  Marine  
  152  13:32  Marine x3  
  152  13:33  Medivac x2, Marine  
  154  13:34  SCV, Marine  
  154  13:35  SCV x3  
  151  13:43  Marine  
  151  13:44  Marine x2  
  151  13:46  Marauder x2, Widow Mine  
  151  13:47  SCV, Marauder, Widow Mine x2, Marine  
  163  13:49  Marine  
  163  13:50  Marine  
  160  13:57  Command Center  
  160  14:06  Marine x2  
  160  14:07  Marauder  
  163  14:11  Marine  
Show
View Real Time Build Order
Export as new Build Order

circle Zerg 

Build Orders: Hatch First 

Get SALT Encoding   

  12  0:01  Drone  
  13  0:13  Overlord  
  13  0:18  Drone  
  14  0:31  Drone x2  
  16  0:43  Drone  
  17  0:53  Hatchery  
  17  0:54  Drone  
  17  0:59  Drone  
  18  1:08  Extractor  
  17  1:14  Spawning Pool  
  17  1:16  Drone  
  17  1:19  Drone  
  18  1:29  Drone  
  19  1:39  Overlord  
  19  1:50  Drone  
  20  2:00  Queen  
  20  2:01  Zergling x2  
  23  2:04  Queen  
  23  2:05  Zergling x2  
  26  2:09  Metabolic Boost  
  26  2:13  Drone  
  27  2:16  Drone  
  28  2:27  Drone x2  
  29  2:39  Drone  
  29  2:40  Hatchery  
  29  2:42  Drone  
  30  2:51  Queen  
  30  2:54  Drone x2  
  30  2:56  Drone  
  35  3:08  Overlord  
  35  3:11  Overlord  
  35  3:27  Zergling x10  
  38  3:33  Zergling x4  
  42  3:44  Drone x4  
  46  3:53  Overlord  
  45  4:06  Queen, Drone x3  
  45  4:07  Overlord  
  45  4:08  Drone  
  49  4:20  Drone x2  
  49  4:22  Drone x4  
  49  4:24  Drone  
  52  4:27  Overlord  
  51  4:33  Spore Crawler  
  51  4:35  Drone, Extractor  
  51  4:36  Drone  
  51  4:38  Spore Crawler, Drone  
  51  4:44  Queen, Drone  
  54  4:45  Lair  
  54  4:47  Drone  
  54  4:50  Drone  
  56  4:54  Drone  
  56  4:56  Zergling x2  
  56  4:59  Zergling x2  
  59  5:02  Queen  
  59  5:06  Zergling x6  
  64  5:17  Zergling x10  
  64  5:18  Zergling x4  
  64  5:21  Zergling x4  
  66  5:25  Queen  
  66  5:26  Zergling x4  
  67  5:32  Overlord  
  67  5:33  Drone  
  63  5:36  Drone x2  
  63  5:37  Drone x2  
  63  5:39  Extractor  
  63  5:40  Extractor  
  65  5:43  Spire  
  65  5:44  Drone x2  
  65  5:45  Drone  
  65  5:48  Drone x2  
  65  5:49  Drone  
  70  5:59  Hatchery  
  67  6:07  Drone  
  67  6:08  Drone x3  
  63  6:14  Drone x2  
  63  6:16  Drone x5  
  65  6:22  Drone  
  65  6:23  Drone  
  67  6:27  Drone x2  
  67  6:29  Drone x2  
  67  6:31  Extractor  
  67  6:32  Extractor  
  69  6:41  Overlord, Evolution Chamber  
  69  6:42  Evolution Chamber, Drone x2  
  69  6:45  Drone  
  69  6:46  Hatchery  
  69  6:47  Baneling Nest  
  69  6:48  Drone  
  69  6:54  Overlord x2  
  69  6:56  Drone x3  
  69  6:59  Drone x3  
  69  7:01  Drone  
  76  7:09  Mutalisk x3  
  76  7:11  Overlord  
  76  7:12  Overlord x2  
  76  7:14  Mutalisk  
  84  7:21  Zerg Melee Weapons Level 1  
  84  7:22  Zerg Ground Armor Level 1  
  86  7:29  Mutalisk x3  
  86  7:31  Drone  
  86  7:32  Drone  
  86  7:34  Zergling x6  
  99  7:38  Zergling x4  
  99  7:39  Zergling x4  
  99  7:40  Zergling x4  
  99  7:43  Zergling x2  
  104  7:47  Zergling x4  
  104  7:52  Zergling x2  
  104  7:56  Overlord x6  
  104  7:59  Baneling  
  104  8:00  Baneling x12  
  104  8:15  Zergling x4  
  104  8:16  Zergling x4, Mutalisk x4  
  116  8:21  Baneling x4  
  116  8:22  Baneling  
  110  8:39  Mutalisk x3  
  110  8:40  Zergling x10  
  97  8:50  Mutalisk x2  
  97  8:51  Zergling x4, Queen  
  97  8:54  Zergling x8  
  98  9:06  Mutalisk x3  
  94  9:14  Zergling x2  
  83  9:19  Drone x2  
  85  9:24  Zergling x2  
  85  9:26  Mutalisk x2  
  89  9:31  Hatchery  
  89  9:38  Mutalisk x3  
  93  9:45  Zergling x2  
  93  9:46  Zergling x2  
  93  9:47  Zergling x2  
  93  9:48  Baneling Nest  
  93  9:50  Hatchery  
  93  9:51  Queen  
  95  9:57  Zergling x4  
  97  10:00  Zergling x8  
  97  10:01  Zerg Melee Weapons Level 2  
  101  10:14  Zergling x2  
  101  10:15  Zergling x4  
  101  10:20  Drone  
  101  10:21  Drone  
  106  10:34  Overlord  
  106  10:35  Drone x9  
  115  10:36  Zerg Ground Armor Level 2  
  115  10:37  Centrifical Hooks  
  115  10:41  Zergling x2  
  112  10:50  Zergling x4  
  112  10:53  Zergling x2  
  112  10:54  Zergling x4  
  118  10:57  Zergling x12  
  118  11:02  Baneling  
  118  11:03  Baneling x18  
  118  11:04  Zergling x2, Baneling  
  123  11:07  Zergling x2  
  123  11:08  Zergling x2  
  123  11:09  Zergling x2  
  127  11:13  Zergling x2  
  127  11:15  Zergling x4  
  112  11:28  Mutalisk x2  
  112  11:29  Zergling x14  
  112  11:31  Queen, Drone  
  112  11:32  Queen  
  107  11:56  Mutalisk x2  
  107  11:57  Zergling x18  
  112  12:08  Zergling x6  
  112  12:09  Zergling x2  
  112  12:15  Zergling x6  
  117  12:20  Zergling x2  
  117  12:21  Hatchery  
  117  12:23  Baneling  
  117  12:24  Baneling x15  
  117  12:27  Zergling x4  
  117  12:28  Zergling x2  
  120  12:30  Zergling x2  
  120  12:32  Zergling x2  
  122  12:37  Zergling x2, Extractor  
  122  12:38  Zergling x2  
  122  12:42  Zergling x2  
  122  12:43  Zergling x14  
  131  12:46  Zergling x4, Hatchery  
  132  12:52  Zergling x14  
  132  12:53  Zergling x4  
  108  13:12  Mutalisk x3  
  95  13:13  Zergling x18  
  95  13:17  Zergling x4  
  95  13:18  Zergling x6  
  106  13:20  Zergling x10  
  106  13:22  Baneling x4  
  106  13:23  Baneling  
  108  13:33  Mutalisk x2  
  108  13:34  Zergling x4, Mutalisk  
  103  13:45  Mutalisk x2  
  92  13:48  Zergling x4  
  92  13:49  Zergling x6  
  92  13:52  Mutalisk x4  
  92  13:53  Zergling x10  
  102  13:57  Zergling x2  
  102  13:58  Baneling x3  
  91  14:11  Zergling x14  
Tags
 
Add a new tag
Caveats
  • Supply blocks, unpowered buildings, or Contaminate may cause inaccurate times.
  • Supply counts are checked every 10 seconds.